 Dungeon Crawl Stone Soup version 0.19.0-2-gae57169 (webtiles) character file.

9117 Dustbunny the Covert (level 11, 0/56 HPs)
             Began as a Spriggan Assassin on Nov 3, 2016.
             Was an Elder of Dithmenos.
             Succumbed to a killer bee's poison
             ... on level 10 of the Dungeon on Nov 4, 2016.
             The game lasted 01:39:39 (18332 turns).

Dustbunny the Covert (Spriggan Assassin)           Turns: 18332, Time: 01:39:40

Health: 0/56       AC:  8    Str: 12    XL:     11   Next: 18%
Magic:  13/13      EV: 30    Int: 12    God:    Dithmenos [****..]
Gold:   626        SH:  4    Dex: 22    Spells: 1 memorised, 8 levels left

rFire  + . .     SeeInvis +     C - staff of wizardry
rCold  + . .     Gourm    .     m - +2 robe {rN+}
rNeg   + . .     Faith    .     (shield currently unavailable)
rPois  +         Spirit   .     (helmet restricted)
rElec  +         Reflect  .     n - +2 cloak
rCorr  +         Harm     .     (gloves unavailable)
MR     +....                    (boots unavailable)
Stlth  +++++++++.               p - amulet of magic regeneration
                                G - +1 ring of protection
                                H - +5 ring of strength

@: lethally poisoned (0 -> -5), resistant, very slightly contaminated, wreathed
by umbra, invisible, very quick
A: unfitting armour, fangs 1, large bone plates 1, see invisible, herbivore 3,
speed 3, slow metabolism 2
a: Shadow Step, Renounce Religion


You were on level 10 of the Dungeon.
You worshipped Dithmenos.
Dithmenos was greatly pleased with you.
You were full.

You visited 2 branches of the dungeon, and saw 11 of its levels.
You also visited: Bailey.

You collected 626 gold pieces.

Inventory:

Hand Weapons
 a - a +0 hand crossbow
 b - a +0 blowgun
 f - a +1 antimagic short sword
 u - a +0 hunting sling
 v - the +6 dagger of Hoamud {freeze, rC+ rN+ Dex-3}
   (You found it on level 5 of the Dungeon)

   It has been specially enchanted to freeze those struck by it, causing extra
   injury to most foes and up to half again as much damage against particularly
   susceptible opponents.
   It can also slow down cold-blooded creatures.
   It affects your dexterity (-3).
   It protects you from cold.
   It protects you from negative energy.
 y - a +0 shortbow
 z - a +1 rapier
 D - a +5 spear
 P - the +1 war axe "Egg" {chop, Str+2}
   (You found it on level 8 of the Dungeon)

   It inflicts extra damage upon your enemies.
   It affects your strength (+2).
Missiles
 e - 44 poisoned needles
 h - 7 curare-tipped needles
 i - 8 needles of sleeping
 k - 11 tomahawks (quivered)
 o - 150 stones
 r - 57 bolts
 x - 67 arrows
 A - 3 tomahawks of returning
 U - 2 throwing nets
Armour
 c - a +2 robe
 m - a +2 robe of positive energy (worn)
 n - a +2 cloak (worn)
 w - a +0 cloak
Magical Staves
 C - an uncursed staff of wizardry (weapon)
Jewellery
 j - an uncursed ring of magical power
 p - an amulet of magic regeneration (around neck)
 E - an uncursed ring of protection from fire
 G - a +1 ring of protection (right hand)
 H - a +5 ring of strength (left hand)
 R - a cursed ring of loudness
Wands
 B - a wand of acid (7/15)
 J - a wand of polymorph (16/24)
 O - a wand of polymorph (12/24)
 Q - a wand of iceblast (6/15)
 V - a wand of lightning (7/15)
 Z - a wand of acid (2/15)
Scrolls
 d - 2 scrolls of enchant armour
 q - 2 scrolls of remove curse
 t - a scroll of identify
 K - 3 scrolls of recharging
 L - a scroll of noise
 X - a scroll of amnesia
Books
 l - a book of Party Tricks

   Spells                             Type                      Level
   a - Summon Butterflies             Summoning                    1
   b - Apportation                    Translocation                1
   c - Lesser Beckoning               Translocation                3
   d - Tukima's Dance                 Hexes                        3
   e - Alistair's Intoxication        Transmutation/Poison         5
   f - Invisibility                   Hexes                        6
 I - a book of Maledictions

   Spells                             Type                      Level
   a - Corona                         Hexes                        1
   b - Ensorcelled Hibernation        Hexes/Ice                    2
   c - Confuse                        Hexes                        3
   d - Tukima's Dance                 Hexes                        3
   e - Dazzling Spray                 Conjuration/Hexes            3
Miscellaneous
 Y - a crystal ball of energy
Comestibles
 g - 4 bread rations
 s - 8 fruits
 T - 8 slices of pizza


   Skills:
 + Level 5.4 Fighting
 + Level 10.1 Short Blades
 + Level 5.8(6.9) Slings
 + Level 0.2 Crossbows
 + Level 4.6(5.6) Throwing
 + Level 11.3 Dodging
 + Level 14.0 Stealth
 + Level 0.8 Spellcasting
 + Level 0.5 Conjurations
 + Level 0.5 Hexes


You had 8 spell levels left.
You knew the following spells:

 Your Spells              Type           Power        Failure   Level  Hunger
a - Dazzling Spray        Conj/Hex       #.....       45%         3    ####...


Dungeon Overview and Level Annotations

Branches:
Dungeon (10/15)            Temple (1/1) D:4
   Lair: D:8-11         Orc: D:9-12

Altars:
Ashenzari
Cheibriados
Dithmenos
Elyvilon
Fedhas
Gozag
Hepliaklqana
Kikubaaqudgha
Makhleb
Nemelex Xobeh
Okawaru
Qazlal
Ru
Sif Muna
Trog
Uskayaw
Vehumet
Xom
Yredelemnul
Zin
The Shining One

Annotations:
D:6 puppykicker's ghost, journeyman MfNe
D:7 Carbisari's ghost, novice DrTm
D:8 exclusion: statue
D:10 1 runed door


Innate Abilities, Weirdness & Mutations

You are very small and have problems with some larger weapons.
You are too small for most types of armour.
You have supernaturally acute eyesight. (SInv)
You are a herbivore.
You cover ground extremely quickly.
You need consume almost no food.
You have very sharp teeth.
You are partially covered in large bone plates. (SH +4)


Message History

You feel sick.
You're wearing all the rings you can.
Remove which one? (? for menu, Esc to cancel) < or
H - a +5 ring of strength; > or
E - a ring of protection from fire You remove your ring of protection from fire.
G - a +1 ring of protection (right hand)
* * * LOW HITPOINT WARNING * * *
You feel sick.
As you read the scroll of identify, it crumbles to dust.
R - a cursed ring of loudness
* * * LOW HITPOINT WARNING * * *
You feel sick.
You start eating one of the 10 fruits.
That choko was very bland.
You start eating one of the 9 fruits.
* * * LOW HITPOINT WARNING * * *
You feel sick.
Mmmm...
Yummy guava.
You start eating one of the 8 slices of pizza.
You die...

....r....# .........#
.........# .........#
#######..# # #..# #.
#..# . ##..########.†#
.. ........@.....#
........†......#
..)............#
#..###########.# #..#
#.# #..# #.# #..# #.#
########..###########.#
......................#


There were no monsters in sight!

Vanquished Creatures
  The ghost of jiveturtle the Basher, a novice DsBe of Trog (D:9)
  An unseen horror (D:10)
  A hill giant (D:10)
  An orc knight (Bailey)
  The ghost of Letos the Shield-Bearer, a novice FoFi (D:5)
  Grinder (D:3)
  3 hippogriffs
  A spriggan (D:8)
  A wyvern (D:9)
  A basilisk (D:10)
  A soldier ant (D:10)
  Menkaure (D:4)
  A water moccasin (D:6)
  2 porcupines (D:10)
  8 orc warriors
  6 ogres
  3 phantoms
  2 black bears
  4 ice beasts
  2 centaurs
  A necrophage (D:7)
  A crocodile (D:10)
  2 big kobolds
  4 bullfrogs
  A water moccasin skeleton (D:9)
  2 scorpions
  4 killer bees (D:10)
  5 wights (D:6)
  2 bullfrog zombies
  2 crimson imps
  9 orc wizards
  Crazy Yiuf (D:2)
  6 hounds
  A quasit (D:9)
  A centaur skeleton (D:7)
  6 orc priests
  A bullfrog skeleton (D:8)
  7 iguanas
  Ijyb (D:3)
  10 worker ants
  Terence (D:3)
  2 hound zombies (D:6)
  A hound skeleton (D:4)
  14 gnolls
  A howler monkey skeleton (D:10)
  12 adders
  A river rat (D:10)
  5 shadow imps
  An adder skeleton (D:8)
  2 worms
  8 leopard geckos
  52 orcs
  2 ball pythons
  4 giant cockroaches
  2 goblins
  8 hobgoblins
  7 jackals
  6 quokkas
  3 bats
  10 frilled lizards
  A jackal skeleton (D:5)
  16 kobolds
  A leopard gecko skeleton (D:5)
  A quokka skeleton (D:4)
  9 rats
  A plant (D:6)
280 creatures vanquished.

Vanquished Creatures (others)
  2 plants (D:10)
2 creatures vanquished.

Grand Total: 282 creatures vanquished

Notes
Turn   | Place    | Note
-------+----------+-------------------------------------------
     0 | D:1      | Dustbunny the Spriggan Assassin began the quest for the Orb.
     0 | D:1      | Reached XP level 1. HP: 10/10 MP: 2/2
    46 | D:1      | Reached skill level 6 in Stealth
   243 | D:1      | Gained mutation: You have very sharp teeth. [potion of beneficial mutation]
   256 | D:1      | Gained mutation: You are partially covered in large bone plates. (SH +4) [potion of beneficial mutation]
   469 | D:1      | Reached XP level 2. HP: 15/15 MP: 3/3
  1299 | D:2      | Reached XP level 3. HP: 14/18 MP: 4/4
  1624 | D:2      | Reached skill level 7 in Stealth
  2310 | D:2      | Found a runed door.
  2314 | D:2      | Noticed Crazy Yiuf
  2318 | D:2      | Killed Crazy Yiuf
  2318 | D:2      | Reached XP level 4. HP: 23/23 MP: 5/5
  3115 | D:3      | Noticed Terence
  3123 | D:3      | Noticed Grinder
  3135 | D:3      | Reached XP level 5. HP: 26/26 MP: 6/6
  3161 | D:3      | Paralysed by Grinder for 6 turns
  3526 | D:3      | Killed Terence
  3526 | D:3      | Reached skill level 8 in Stealth
  3587 | D:3      | Paralysed by Grinder for 3 turns
  3906 | D:3      | Killed Grinder
  3906 | D:3      | Reached XP level 6. HP: 5/31 MP: 5/7
  4202 | D:3      | Found an iron altar of Okawaru.
  4202 | D:3      | Found a hide-covered altar of Uskayaw.
  4202 | D:3      | Found a stormy altar of Qazlal.
  4208 | D:3      | Found a snail-covered altar of Cheibriados.
  4767 | D:3      | Noticed Ijyb
  4821 | D:3      | Killed Ijyb
  5192 | D:4      | Found a staircase to the Ecumenical Temple.
  5252 | Temple   | Entered the Ecumenical Temple
  5894 | Temple   | Became a worshipper of Dithmenos the Shadowed
  6091 | D:4      | Noticed Menkaure
  6357 | D:4      | HP: 1/32 [Menkaure/nerve-wracking pain (9)]
  6363 | D:4      | Killed Menkaure
  6363 | D:4      | Reached skill level 5 in Dodging
  6363 | D:4      | Reached XP level 7. HP: 2/35 MP: 5/8
  6940 | D:4      | Found a blossoming altar of Fedhas.
  7135 | D:5      | Entered Level 5 of the Dungeon
  7173 | D:5      | Reached skill level 9 in Stealth
  7287 | D:5      | Reached skill level 5 in Short Blades
  7367 | D:5      | Got a dazzling dagger
  7368 | D:5      | Identified the +6 dagger of Hoamud {freeze, rC+ rN+ Dex-3} (You found it on level 5 of the Dungeon)
  8253 | D:5      | Noticed Letos's ghost (novice FoFi)
  8282 | D:5      | Killed Letos's ghost
  8282 | D:5      | Reached * piety under Dithmenos
  8282 | D:5      | Reached XP level 8. HP: 23/40 MP: 9/9
  9254 | D:6      | Got a faintly glowing falchion
  9370 | D:6      | Reached skill level 10 in Stealth
  9871 | D:6      | Reached XP level 9. HP: 44/44 MP: 10/10
  9926 | D:6      | Noticed puppykicker's ghost (journeyman MfNe)
  9928 | D:6      | Reached ** piety under Dithmenos
 12124 | D:7      | Reached skill level 11 in Stealth
 12228 | D:7      | Learned a level 3 spell: Dazzling Spray
 12658 | D:7      | Found a hazy altar of Hepliaklqana.
 12801 | D:7      | Noticed Carbisari's ghost (novice DrTm)
 13601 | D:8      | Reached skill level 10 in Dodging
 14059 | D:8      | Found a radiant altar of Vehumet.
 14279 | D:8      | Got a jewelled war axe
 14521 | D:8      | Reached *** piety under Dithmenos
 14521 | D:8      | Reached XP level 10. HP: 45/51 MP: 12/12
 14581 | D:8      | Reached skill level 12 in Stealth
 15359 | D:9      | Noticed jiveturtle's ghost (novice DsBe)
 15474 | D:9      | Killed jiveturtle's ghost
 15474 | D:9      | Reached skill level 13 in Stealth
 15591 | D:9      | Found a white marble altar of Elyvilon.
 16144 | D:9      | Identified the cursed +0 falchion of Qeenasuwk {flame, Str+4} (You found it on level 6 of the Dungeon)
 16158 | D:9      | Identified the +1 war axe "Egg" {chop, Str+2} (You found it on level 8 of the Dungeon)
 16463 | D:10     | Entered Level 10 of the Dungeon
 16535 | D:10     | Found a flagged portal.
 16612 | D:10     | Found a runed door.
 16612 | D:10     | Noticed a sixfirhy
 16647 | Bailey   | Entered a bailey
 16707 | Bailey   | Reached **** piety under Dithmenos
 16763 | Bailey   | Noticed an orc knight
 17026 | Bailey   | Reached skill level 1 in Slings
 17065 | Bailey   | Reached skill level 5 in Fighting
 17103 | Bailey   | Killed an orc knight
 17553 | D:10     | Noticed an unseen horror
 17568 | D:10     | Killed an unseen horror
 17568 | D:10     | Reached skill level 10 in Short Blades
 17568 | D:10     | Reached skill level 5 in Slings
 17648 | D:10     | Reached XP level 11. HP: 42/56 MP: 13/13
 18159 | D:10     | Noticed a hill giant
 18163 | D:10     | Killed a hill giant
 18316 | D:10     | Reached skill level 14 in Stealth
 18328 | D:10     | HP: 2/56 [poisoned by a killer bee]
 18332 | D:10     | Succumbed to a killer bee's poison

Skill      XL: |  1  2  3  4  5  6  7  8  9 10 11 |
---------------+----------------------------------+-----
Stealth        | 6 7 8 9 10 11 13 14 | 14.0
Dodging        | 2 3 5 7 8 10 11 | 11.3
Short Blades   | 3 4 6 7 9 10 | 10.1
Fighting       | 2 3 4 5 |  5.4
Throwing       | 3 4 |  4.6
Slings         | 5 |  5.8
Crossbows      | |  0.2
Spellcasting   | |  0.8
Conjurations   | |  0.5
Hexes          | |  0.5

Action                   |  1- 3 |  4- 6 |  7- 9 | 10-12 || total
-------------------------+-------+-------+-------+-------++-------
Melee: Dagger            |   113 |   108 |   536 |   310 ||  1067
       Bite              |     5 |    42 |    73 |    40 ||   160
       Short sword       |       |   222 |   123 |       ||   345
 Fire: Blowgun           |       |    14 |     8 |     1 ||    23
       Hunting sling     |       |       |       |   107 ||   107
       Hand crossbow     |       |       |       |    51 ||    51
Throw: Tomahawk          |       |     4 |     7 |    16 ||    27
 Cast: Dazzling Spray    |       |       |     1 |       ||     1
  Use: Potion            |     6 |     4 |     7 |     3 ||    20
       Scroll            |     3 |     2 |    10 |     4 ||    19
 Stab: Sleeping          |    12 |    11 |    16 |    12 ||    51
       Distracted        |       |       |     7 |     3 ||    10
       Invisible         |       |       |       |     1 ||     1
  Eat: Bread ration      |       |     1 |     1 |     1 ||     3
       Fruit             |       |       |       |     2 ||     2
Armor: Robe              |    12 |    29 |    38 |    12 ||    91
Dodge: Dodged            |    51 |   212 |   374 |   209 ||   846
Block: Other             |    10 |    48 |    66 |    44 ||   168
